 Dungeon Crawl Stone Soup version 0.29.1-1-gd02db69 (webtiles) character file.

Game seed: 13272747507557169224

2066 Kel the Cleaver (level 9, -10/105 HPs)
             Began as a Minotaur Berserker on Nov 23, 2022.
             Was an Elder of Trog.
             Mangled by a boulder beetle (17 damage)
             ... on level 6 of the Dungeon.
             The game lasted 00:10:12 (6481 turns).

Kel the Cleaver (Minotaur Berserker)                Turns: 6481, Time: 00:10:12

Health: -10/105    AC: 15    Str: 26    XL:     9   Next: 5%
Magic:  8/8        EV:  8    Int:  4    God:    Trog [****..]
Gold:   237        SH:  0    Dex: 22    Spells: 8/8 levels left

rFire   . . .      SeeInvis .   a - +0 hand axe
rCold   . . .      Faith    +   (no shield)
rNeg    . . .      Spirit   .   A - +0 plate armour
rPois   .          Reflect  .   (helmet restricted)
rElec   .          Harm     .   (no cloak)
rCorr   .          Rampage  .   v - +2 pair of gloves
Will    .....                   m - +0 pair of boots
Stlth   ..........              c - amulet of faith
HPRegen 0.27/turn               n - +6 ring of dexterity
MPRegen 0.11/turn               B - +6 ring of dexterity

@: berserking, lethally poisoned (-10 -> -25), very quick
A: horns 2, retaliatory headbutt
a: Renounce Religion, Berserk, Trog's Hand, Brothers in Arms


You were on level 6 of the Dungeon.
You worshipped Trog.
Trog was greatly pleased with you.
You visited 1 branch of the dungeon, and saw 6 of its levels.
You also visited: Sewer.

You collected 237 gold pieces.

Inventory:

Hand Weapons
 a - a +0 hand axe (weapon)
Armour
 m - a +0 pair of boots (worn)
 v - a +2 pair of gloves (worn)
 A - a +0 plate armour (worn)
Jewellery
 c - an amulet of faith (around neck)
 e - a +6 ring of intelligence
 n - a +6 ring of dexterity (left hand)
 t - a ring of protection from fire
 u - a ring of ice
 B - a +6 ring of dexterity (right hand)
Wands
 i - a wand of mindburst (12)
 o - a wand of digging (2)
 q - a wand of charming (10)
Scrolls
 f - 4 scrolls of blinking
 g - 5 scrolls of poison
 h - 6 scrolls of teleportation
 j - 2 scrolls of enchant weapon
 l - a scroll of silence {unknown}
 p - 2 scrolls of enchant armour
 r - 2 scrolls of brand weapon
 s - 4 scrolls of immolation {unknown}
 w - a scroll of vulnerability {unknown}
 y - 2 scrolls of butterflies {unknown}
 C - a scroll of acquirement {unknown}
 D - a scroll of identify
Potions
 b - a potion of mutation {unknown}
 d - a potion of haste {unknown}
 k - 5 potions of flight
 x - a potion of resistance {unknown}
 z - a potion of attraction {unknown}


   Skills:
 - Level 3.6 Fighting
 + Level 14.4 Axes
 - Level 2.4 Armour
 - Level 2.1 Dodging


You had 8 spell levels left.
You didn't know any spells.
Your spell library was empty.

Dungeon Overview and Level Annotations

Branches:
Dungeon (6/15)             Temple (0/1) D:5           Sewer (visited)

Altars:

Shops:
D:1 (**   D:2 [


Innate Abilities, Weirdness & Mutations

You have a pair of horns on your head.
You reflexively headbutt those who attack you in melee.


Message History

You kill the adder!
Trog accepts your kill.
You hit the boulder beetle but do no damage.
The boulder beetle is lightly wounded.
You hit the scorpion.
You kill the scorpion!
Trog accepts your kill.
Trog will now gift you melee weapons as you gain piety.
You hit the centaur.
You kill the centaur!
Trog accepts your kill.
The gnoll sergeant hits you but does no damage.
You are poisoned.
The orc hits you but does no damage.
You have reached level 9!
Your experience leads to an increase in your attributes!
Your base attributes are Str 24, Int 4, Dex 10.
Increase (S)trength, (I)ntelligence, or (D)exterity?
You feel stronger. x2
A red film seems to cover your vision as you go berserk!
You feel yourself moving faster!
You feel mighty! Trog will no longer gift you weapons.
You feel very sick. The boulder beetle closely misses you.
The orc closely misses you. The iguana bites you.
* * * LOW HITPOINT WARNING * * *
The gnoll sergeant hits you from afar with a +1 trident of venom!
* * * LOW HITPOINT WARNING * * *
You are lethally poisoned!
The yak gores you!
* * * LOW HITPOINT WARNING * * *
You hit the boulder beetle but do no damage.
You headbutt the boulder beetle, but do no damage.
The boulder beetle is lightly wounded.
You hit the yak. You hit the iguana.
You kill the iguana!
Trog accepts your kill.
* * * LOW HITPOINT WARNING * * *
You feel sick. The boulder beetle bites you!
You die...

,,,,,,,,,* #.........#.#....
,*******,* #.#####..##..#### ,*
*,**######.####..###.## **
**,,,,B...........#*..#****
**,,#*,*#..####..#.#,,..,,,,
*,,*...*,#.###..###.#*,*****
******,*,*#..##..#.### *#.#,* *
*,,,**,**,**#..#BY..# *#..*****
,,*,***,,*,,**#:@).)# *#..,,,,
*,,,****,^**,,##.#o.# **..#***
,,,,,,***,,,,,.g....#*****,,..*
* ,*,**,*
***,*.#.......,,,,,,,,* ,*,**,*
*,#,#.#.#.###***,,,** ,,,,,,*
*,*,#......,,* **,** ,,,*,,*
*,*,#...#.##,* *,* ,***,,*
*,,,..,..,**,* *,* ,***,,*
*****,,,,,**,* **'**


You could see a boulder beetle, a yak, a gnoll sergeant and an orc.

Vanquished Creatures
  Grinder (D:4)
  Sigmund (D:5)
  Edmund (D:4)
  A water moccasin (D:6)
  Pargi (D:4)
  2 ogres (D:5)
  A centaur (D:6)
  A phantom (D:6)
  Blork the orc (D:4)
  A bullfrog (D:6)
  A necrophage (D:5)
  A scorpion (D:6)
  2 howler monkeys (D:4)
  2 jellies
  A hound (D:4)
  A gnoll bouda (D:5)
  An orc priest (D:5)
  5 iguanas
  Natasha (twice) (D:3)
  2 orc wizards
  11 gnolls
  13 adders
  3 river rats (Sewer)
  A white imp (D:6)
  4 ufetubi
  4 worms
  A dart slug (D:4)
  7 orcs
  7 ball pythons
  15 bats
  10 endoplasms
  5 giant cockroaches
  6 goblins
  5 hobgoblins
  10 jackals
  2 quokkas
  8 frilled lizards
  5 kobolds
  4 rats (D:1)
150 creatures vanquished.

Notes
Turn   | Place    | Note
-------+----------+-------------------------------------------
     0 | D:1      | Kel the Minotaur Berserker began the quest for the Orb.
     0 | D:1      | Reached XP level 1. HP: 19/19 MP: 0/0
    25 | D:1      | Found Loys's General Store.
   109 | D:1      | Found Julubiupt's Weapon Shoppe.
   208 | D:1      | Reached skill level 4 in Axes
   236 | D:1      | Found a faded altar of an unknown god.
   326 | D:1      | Reached XP level 2. HP: 26/26 MP: 1/1
   588 | D:1      | Found Nuizxuj's Assorted Antiques.
   851 | D:1      | Reached ** piety under Trog
   955 | D:1      | Reached skill level 5 in Axes
  1255 | D:2      | Reached XP level 3. HP: 19/31 MP: 2/2
  1574 | D:2      | Found Piduap's Armour Boutique.
  1876 | D:2      | Reached skill level 6 in Axes
  1876 | D:2      | Reached XP level 4. HP: 39/39 MP: 3/3
  2122 | D:3      | Noticed Natasha
  2130 | D:3      | Killed Natasha
  2499 | D:3      | Reached XP level 5. HP: 23/45 MP: 4/4
  2501 | D:3      | Reached skill level 7 in Axes
  2782 | D:3      | Noticed Natasha
  2791 | D:3      | Killed Natasha
  2791 | D:3      | Reached *** piety under Trog
  2890 | D:4      | Noticed Pargi
  2904 | D:4      | Killed Pargi
  2905 | D:4      | Reached skill level 8 in Axes
  2905 | D:4      | Reached XP level 6. HP: 12/51 MP: 5/5
  3292 | D:4      | Noticed Edmund
  3306 | D:4      | Reached skill level 9 in Axes
  3319 | D:4      | Killed Edmund
  3712 | D:4      | Reached XP level 7. HP: 57/57 MP: 6/6
  3879 | D:4      | Noticed Blork the orc
  3879 | D:4      | Noticed Grinder
  3890 | D:4      | Paralysed by Grinder for 4 turns
  3899 | D:4      | Killed Blork the orc
  3900 | D:4      | Reached skill level 10 in Axes
  3908 | D:4      | Killed Grinder
  4334 | D:5      | Entered Level 5 of the Dungeon
  4345 | D:5      | Reached skill level 11 in Axes
  4582 | D:5      | Reached **** piety under Trog
  4583 | D:5      | Reached XP level 8. HP: 53/64 MP: 7/7
  4740 | D:5      | Reached skill level 12 in Axes
  4987 | D:5      | Found a staircase to the Ecumenical Temple.
  5334 | D:5      | Noticed Sigmund
  5345 | D:5      | Killed Sigmund
  5668 | D:6      | Reached skill level 13 in Axes
  5674 | D:6      | Found a glowing drain.
  5695 | Sewer    | Entered a sewer
  6469 | D:6      | Noticed a boulder beetle
  6470 | D:6      | Reached skill level 14 in Axes
  6479 | D:6      | Reached ***** piety under Trog
  6480 | D:6      | Reached XP level 9. HP: 22/70 MP: 8/8
  6481 | D:6      | Mangled by a boulder beetle

Illustrated notes

Levels and vault maps discovered:
D:1:      dpeg_arrival_solitude, layout_basic, chequers_ecumenical_altar_twisty,
          serial_shops, nicolae_shop_statue_plus,
          nicolae_shop_temple_entry_statues_fountains, shop_fountains
D:2:      layout_loops_ring, serial_shops, nicolae_shop_crystal
D:3:      layout_rooms, uniq_natasha
D:4:      layout_basic, minmay_misc_feat_pillars, corexii_corridor_pit,
          uniq_edmund, uniq_pargi, uniq_grinder, uniq_blork_the_orc
D:5:      layout_basic, minmay_temple_entry_overgrown,
          chequers_serial_rivers_micro_b, uniq_sigmund
D:6:      layout_loops_corners, cheibrodos_sewer_entry_sluice,
          minmay_manual_mess

Skill      XL: |  1  2  3  4  5  6  7  8 |
---------------+-------------------------+-----
Axes           | 4 5 6 8 9 11 14 | 14.4
Fighting       | |  3.6
Armour         | |  2.4
Dodging        | |  2.1

Action                   |  1- 3 |  4- 6 |  7- 9 || total
-------------------------+-------+-------+-------++-------
Melee: Hand axe          |    88 |   106 |   203 ||   397
       Headbutt          |     7 |    14 |    39 ||    60
       Punch             |       |       |     3 ||     3
Invok: Berserk           |       |     2 |     2 ||     4
  Use: Scroll            |       |       |     7 ||     7
Armor: Animal skin       |     7 |       |       ||     7
       Ring mail         |    28 |     1 |       ||    29
       Scale mail        |       |    38 |    16 ||    54
       Plate armour      |       |       |    88 ||    88
Dodge: Dodged            |    60 |    76 |    80 ||   216
